 Dungeon Crawl Stone Soup version 0.31-a0-204-g7da18cac08 (webtiles) character file.

Game seed: 748926344333865294

61 qw the Shooter (level 3, -1/20 HPs)
             Began as a Deep Elf Hunter on June 27, 2023.
             Succumbed to an adder's poison
             ... on level 2 of the Dungeon.
             The game lasted 00:00:25 (1025 turns).

qw the Shooter (Deep Elf Hunter)                    Turns: 1025, Time: 00:00:25

Health: -1/20      AC:  5    Str: 10    XL:     3   Next: 83%
Magic:  5/5        EV: 11    Int: 13    God:
Gold:   54         SH:  0    Dex: 18    Spells: 2/2 levels left

rFire   . . .        Y - +0 shortbow
rCold   . . .        (shield currently unavailable)
rNeg    . . .        e - +0 ring mail
rPois   .            (no helmet)
rElec   .            (no cloak)
rCorr   .            (no gloves)
SInv    .            (no boots)
Will    .....        (no amulet)
Stlth   +            (no ring)
HPRegen 0.23/turn    (no ring)
MPRegen 0.09/turn

%: no passive effects
@: lethally poisoned (-1 -> -6)
A: no striking features
a: no special abilities


You were on level 2 of the Dungeon.
You visited 1 branch of the dungeon, and saw 2 of its levels.

You collected 54 gold pieces.


   Skills:
 - Level 1.5 Fighting
 + Level 7.3 Ranged Weapons
 - Level 2.4 Dodging
 - Level 1.2 Stealth


You had 2 spell levels left.
You didn't know any spells.
Your spell library was empty.

Inventory:

Hand Weapons
 Y - a +0 shortbow (weapon)
Armour
 e - a +0 ring mail (worn)
Potions
 a - 2 potions of curing {unknown}

Dungeon Overview and Level Annotations

Branches:
Dungeon (2/15)

Altars:


Message History

You hear an angry hiss.
A frilled lizard comes into view.
You shoot an arrow. The arrow barely misses the adder.
You shoot an arrow. The arrow closely misses the adder.
The arrow hits the ball python.
You kill the ball python!
The adder closely misses you. The adder bites you.
You shoot an arrow. The arrow barely misses the adder.
The adder bites you but does no damage. The adder closely misses you.
You shoot an arrow.
The arrow hits the adder but does no damage.
The adder bites you.
You are poisoned.
The adder poisons you!
You shoot an arrow. The arrow closely misses the adder.
The arrow hits the frilled lizard.
You kill the frilled lizard!
You feel sick. The adder completely misses you. The adder misses you.
You shoot an arrow. The arrow hits the adder.
The adder is moderately wounded.
You feel sick. The adder bites you.
You shoot an arrow. The arrow closely misses the adder.
You feel sick. The adder barely misses you. The adder closely misses you.
You shoot an arrow. The arrow hits the adder.
The adder is severely wounded.
You feel sick. The adder bites you but does no damage.
You shoot an arrow. The arrow closely misses the adder.
You feel sick. The adder closely misses you.
The adder bites you but does no damage.
You shoot an arrow. The arrow misses the adder.
You feel sick.
You are no longer poisoned.
The adder bites you.
You are lethally poisoned!
The adder poisons you!
You shoot an arrow. The arrow barely misses the adder.
You feel sick. The adder bites you. The adder closely misses you.
You shoot an arrow. The arrow hits the adder.
You kill the adder!
You die...

##### #... # ####.###.##
######....:....#
#......##..##..# ###
#...........#..#
###...##..##..#.......##
....%..@..##..##........
..)...##......##......##
.#... ######.###.###.#
#.# #....%....# #
#####'##### ##...##
##.....## ##.......##
#.........#


There were no monsters in sight!

Vanquished Creatures
  2 adders (D:2)
  A dart slug (D:1)
  3 orcs (D:2)
  7 ball pythons
  4 endoplasms (D:1)
  5 goblins
  5 hobgoblins
  8 kobolds
  2 quokkas (D:1)
  2 bats (D:1)
  3 frilled lizards
  2 rats (D:1)
44 creatures vanquished.

Notes
Turn   | Place    | Note
-------+----------+-------------------------------------------
     0 | D:1      | qw the Deep Elf Hunter began the quest for the Orb.
     0 | D:1      | Reached XP level 1. HP: 12/12 MP: 3/3
     0 | D:1      | 0 ||| qw: Version: 0.3-a-22-g0ed2b0b
     0 | D:1      | 0 ||| qw: Game counter: 6422
     0 | D:1      | 0 ||| qw: Melee chars always use a shield: true
     0 | D:1      | 0 ||| qw: God list: Okawaru
     0 | D:1      | 0 ||| qw: Allow faded altars: false
     0 | D:1      | 0 ||| qw: Do Orc after clearing Dungeon:15 true
     0 | D:1      | 0 ||| qw: Do second Lair branch before Depths: true
     0 | D:1      | 0 ||| qw: Lair rune preference: random
     0 | D:1      | 0 ||| qw: Goals: Normal
     0 | D:1      | 0 ||| PLANNING D:1-11
    54 | D:1      | Reached skill level 6 in Ranged Weapons
    54 | D:1      | Reached XP level 2. HP: 16/16 MP: 4/4
   286 | D:1      | Reached XP level 3. HP: 20/20 MP: 5/5
   695 | D:1      | 695 ||| UPGRADING to +0 ring mail.
   705 | D:1      | 705 ||| DROPPING +0 leather armour.
   706 | D:1      | 706 ||| READING scroll labelled HIAP NORYQOA.
   707 | D:1      | 707 ||| READING scroll labelled CYRUFF HAICUKH.
   708 | D:1      | 708 ||| READING scroll labelled HIOBOCKU USUMYS.
   709 | D:1      | 709 ||| DRINKING 2 bubbling silvery potions.
   814 | D:1      | 814 ||| DROPPING scroll of butterflies.
   815 | D:1      | 815 ||| DROPPING potion of berserk rage.
   875 | D:2      | Reached skill level 7 in Ranged Weapons
  1023 | D:2      | HP: 5/20 [adder (2)]
  1024 | D:2      | HP: 1/20 [adder (2)]
  1025 | D:2      | Succumbed to an adder's poison

Levels and vault maps discovered:
D:1:      minmay_arrival_stair_chambers, layout_loops_ring
D:2:      layout_loops_corners, shapermc_ecumenical_altar_acropolis,
          minmay_indecisive_spiral

Skill      XL: |  1  2  3 |
---------------+----------+-----
Ranged Weapons | 6 7 |  7.3
Fighting       | |  1.5
Dodging        | |  2.4
Stealth        | |  1.2

Action                     || total
---------------------------++-------
   Fire: Shortbow          ||    97
    Use: Scroll            ||     3
         Potion            ||     1
 Armour: Leather armour    ||     1
         Ring mail         ||     3
  Dodge: Dodged            ||    20

Table legend:
 A = Non-vault XP
 B = Vault XP
 C = Vault XP percentage of total XP
 D = Non-vault monster count
 E = Vault monster count
 F = Vault count percentage of total count
                 A         B        C        D         E       F
            +---------+---------+-------+---------+---------+-------
      Total |      86 |      15 |  14.9 |      41 |       3 |   6.8
            +---------+---------+-------+---------+---------+-------
        D:1 |      53 |       0 |   0.0 |      31 |       0 |   0.0
        D:2 |      33 |      15 |  31.2 |      10 |       3 |  23.1
            +---------+---------+-------+---------+---------+-------
